 Dungeon Crawl Stone Soup version 0.17.1-1-g73c8601 (webtiles) character file.

783 Holeefuk the Chopper (level 7, 0/61 HPs)
             Began as a Hill Orc Fighter on Dec 17, 2015.
             Was a Follower of the Shining One.
             Slain by an ogre
             ... wielding a +0 giant club
              (11 damage)
             ... on level 5 of the Dungeon.
             The game lasted 00:07:08 (3515 turns).

Holeefuk the Chopper (Hill Orc Fighter)             Turns: 3515, Time: 00:07:08

Health: 0/61       AC: 11    Str: 21    XL:     7   Next: 86%
Magic:  7/7        EV:  9    Int:  8    God:    the Shining One [*.....]
Gold:   124        SH:  9    Dex: 10    Spells: 0 memorised, 6 levels left

rFire  . . .     SeeInvis .     a - +0 war axe
rCold  . . .     Clarity  .     B - +2 scale mail {rPois}
rNeg   . . .     SustAt   .     c - +0 shield
rPois  +         Gourm    .     w - +0 helmet
rElec  .         Spirit   .     y - +0 cloak
rCorr  .         Warding  .     (no gloves)
rMut   +         Stasis   .     (no boots)
MR     .....                    x - amulet of resist mutation
Stlth  ..........               (no ring)
                                (no ring)

@: starving, glowing, not resistant to hostile enchantments, extremely
unstealthy
A: no striking features
a: Renounce Religion


You were on level 5 of the Dungeon.
You worshipped the Shining One.
The Shining One was aware of your devotion.
You were starving.

You visited 2 branches of the dungeon, and saw 6 of its levels.

You collected 124 gold pieces.

Inventory:

Hand Weapons
 a - a +0 war axe (weapon)
Armour
 c - a +0 shield (worn)
 w - a +0 helmet (worn)
 y - a +0 cloak (worn)
 B - a +2 scale mail of poison resistance (worn)
Jewellery
 x - an amulet of resist mutation (around neck)
 D - a cursed ring of loudness {unknown}
Wands
 b - a wand of lightning (8)
 A - a wand of confusion (28)
Scrolls
 f - 2 scrolls of enchant armour {unknown}
 i - 3 scrolls of immolation {unknown}
 k - 8 scrolls of identify {unknown}
 m - 7 scrolls of teleportation {unknown}
 o - a scroll of recharging {unknown}
 q - a scroll of random uselessness {unknown}
 r - a scroll of fog {unknown}
 s - a scroll of remove curse {unknown}
 t - a scroll of blinking {unknown}
 u - 2 scrolls of noise {unknown}
 v - a scroll of amnesia {unknown}
Potions
 d - a potion of might
 g - a potion of beneficial mutation {unknown}
 h - 2 potions of flight {unknown}
 l - 2 potions of haste {unknown}
 n - 2 potions of curing
Books
 p - a book of the Tempests

   Spells                             Type                      Level
   a - Static Discharge               Conjuration/Air              3
   b - Lightning Bolt                 Conjuration/Air              5
   c - Fireball                       Conjuration/Fire             5
   d - Tornado                        Air                          9
   e - Shatter                        Earth                        9
Comestibles
 e - 5 bread rations
 j - 6 meat rations
 z - 2 beef jerkies
 C - a slice of pizza


   Skills:
 - Level 5.0 Fighting
 - Level 6.0 Axes
 - Level 3.2 Armour
 * Level 5.5 Dodging
 - Level 3.2 Shields


You had 6 spell levels left.
You didn't know any spells.

Dungeon Overview and Level Annotations

Branches:
Dungeon (5/15)             Temple (1/1) D:4

Altars:
Ashenzari
Dithmenos
Elyvilon
Fedhas
Gozag
Kikubaaqudgha
Makhleb
Nemelex Xobeh
Qazlal
Ru
Sif Muna
Trog
Vehumet
Xom
Yredelemnul
Zin
The Shining One

Annotations:
D:4 Edmund, Eustachio


Message History

You slash the ogre!
The ogre is heavily wounded.
The ogre hits you with a giant club!
* * * LOW HITPOINT WARNING * * *
You hit the ogre but do no damage.
The ogre is heavily wounded.
You feel sick. The ogre hits you with a giant club!
* * * LOW HITPOINT WARNING * * *
You slash the ogre!
The ogre is severely wounded.
The ogre closely misses you.
Drink which item? (? for menu, Esc to quit)
It was a potion of curing.
You feel better. You block the ogre's attack.
You hit the ogre.
The ogre is almost dead.
The ogre barely misses you.
Your shield and scale mail prevent you from hitting the ogre.
The ogre is almost dead.
The ogre hits you with a giant club!
You die...

####.P.P.# #. #.# #
.........# #.# #
#####.#### #.# #
#.########## #.# #
#..........# #
##.#######.# # #.#
##.## # #.#
####...######## #
#.# #....#.@O......
#
#.###.##...########
# #..†..###.## #
#####.# #.# # #.#
#.# # #.# #.# # ..#
#.# # #.# # ...


You could see an ogre.

Vanquished Creatures
  3 scorpions
  A vampire bat (D:3)
  A crimson imp (D:5)
  An orc wizard (D:5)
  Ijyb (D:3)
  2 hounds
  5 orc priests
  Jessica (D:3)
  An iguana (D:4)
  A worker ant (D:4)
  9 adders
  A shadow imp (D:5)
  2 oozes (D:1)
  A worm (D:2)
  2 adder skeletons
  2 giant geckos
  20 orcs
  4 ball pythons
  2 bat skeletons (D:3)
  3 bat zombies (D:3)
  7 hobgoblins
  8 quokkas
  9 bats
  5 giant cockroaches
  A giant cockroach zombie (D:5)
  5 giant newts
  4 goblins
  A jackal skeleton (D:4)
  6 kobolds
  6 rats
115 creatures vanquished.

Notes
Turn   | Place    | Note
--------------------------------------------------------------
     0 | D:1      | Holeefuk the Hill Orc Fighter began the quest for the Orb.
     0 | D:1      | Reached XP level 1. HP: 19/19 MP: 1/1
    52 | D:1      | Reached XP level 2. HP: 26/26 MP: 2/2
   125 | D:1      | Reached skill level 4 in Axes
   649 | D:2      | Reached XP level 3. HP: 31/31 MP: 3/3
   657 | D:2      | Found a shadowy altar of Dithmenos.
  1002 | D:2      | Found a sparkling altar of Nemelex Xobeh.
  1069 | D:2      | Reached XP level 4. HP: 32/41 MP: 4/4
  1092 | D:2      | Reached skill level 5 in Fighting
  1637 | D:3      | Found an ancient bone altar of Kikubaaqudgha.
  1648 | D:3      | Reached skill level 5 in Axes
  1648 | D:3      | Reached XP level 5. HP: 41/48 MP: 5/5
  1695 | D:3      | Reached skill level 6 in Axes
  1755 | D:3      | Reached skill level 1 in Dodging
  2133 | D:3      | Found a faded altar to an unknown god.
  2154 | D:3      | Noticed Ijyb
  2166 | D:3      | Killed Ijyb
  2166 | D:3      | Reached XP level 6. HP: 53/56 MP: 6/6
  2276 | D:3      | Noticed Jessica
  2286 | D:3      | Killed Jessica
  2443 | D:4      | Found a staircase to the Ecumenical Temple.
  2476 | Temple   | Entered the Ecumenical Temple
  2690 | Temple   | Became a worshipper of the Shining One
  2846 | D:4      | Found a stormy altar of Qazlal.
  2857 | D:4      | Noticed Edmund
  3046 | D:4      | Reached XP level 7. HP: 38/61 MP: 7/7
  3111 | D:4      | Noticed Eustachio
  3127 | D:5      | Entered Level 5 of the Dungeon
  3300 | D:5      | Reached * piety under the Shining One
  3300 | D:5      | Reached skill level 5 in Dodging
  3473 | D:5      | Found a blossoming altar of Fedhas.
  3511 | D:5      | HP: 3/61 [ogre/giant club (8)]
  3515 | D:5      | Slain by an ogre

Action                   |  1- 3 |  4- 6 |  7- 9 || total
-------------------------+-------+-------+-------++-------
Melee: War axe           |    84 |   191 |   119 ||   394
  Use: Potion            |       |       |     1 ||     1
  Eat: Chunk             |       |     7 |       ||     7
